 Dungeon Sprint DCSS version 0.28-a0-514-g0d7ab7f379 (webtiles) character file.

Game seed: 8356157387680821498

26 Patoropollo the Grasshopper (level 2, -7/14 HPs)
             Began as a Felid Warper on Sept 23, 2021.
             Mangled by an ogre (9 damage)
             ... in the Dungeon (Sprint I: "Red Sonja").
             The game lasted 00:00:22 (18 turns).

Patoropollo the Grasshopper (Felid Warper)            Turns: 18, Time: 00:00:23

Health: -7/14      AC: 12    Str:  7    XL:     2   Next: 89%
Magic:  5/7        EV: 21    Int: 14    God:
Gold:   0          SH:  0    Dex: 15    Spells: 7/7 levels left
                                        Lives:  0   Deaths: 0

rFire   . . .      SeeInvis +     - Unarmed
rCold   . . .      Faith    .   (shield unavailable)
rNeg    + + +      Spirit   .   (armour unavailable)
rPois   +          Reflect  .   (helmet unavailable)
rElec   .          Harm     .   (cloak unavailable)
rCorr   .          Rampage  .   (gloves unavailable)
Will    .....      NoTele   +   (boots unavailable)
Stlth   +.........              (no amulet)
HPRegen 0.04/turn               (no ring)
MPRegen 0.10/turn               (no ring)

@: fungus-form
A: melee confuse, terrified, no casting, tiny, (claws 1), (fangs 3), see
invisible, (speed 1), (shaggy fur 1), (stealthy paws), no weapons or thrown
items, no armour, multi-lived
a: no special abilities


You were in the Dungeon.
You were a sentient fungus.
You visited 1 branch

Inventory:

Scrolls
 a - 2 scrolls of blinking
Potions
 b - a potion of curing
 c - a potion of heal wounds
 d - a potion of haste
 e - 2 potions of magic
 f - a potion of berserk rage


   Skills:
 + Level 3.2 Fighting
 + Level 4.6 Dodging
 + Level 3.2 Unarmed Combat
 + Level 3.0 Spellcasting
 + Level 5.7 Translocations


You had 7 spell levels left.
You didn't know any spells.
Your spell library contained the following spells:

 Spells                   Type           Power      Damage    Failure   Level
 Blink                    Tloc           N/A        N/A       3%          2
 Gell's Gravitas          Tloc           9%         N/A       6%          3
 Lesser Beckoning         Tloc           18%        N/A       6%          3
 Teleport Other           Tloc           18%        N/A       6%          3
 Manifold Assault         Tloc           18%        N/A       50%         5


Dungeon Overview and Level Annotations

Branches:
Dungeon (1/1)

Altars:


Innate Abilities, Weirdness & Mutations

You are a sentient fungus.
You are tiny and evasive.
Your melee attack releases spores that confuse breathing creatures.
You become terrified and freeze when enemies are visible.
You cannot cast spells.
((You have sharp claws.))
((You have razor-sharp teeth.))
You have supernaturally acute eyesight. (SInv)
((You cover ground quickly. (Speed+)))
((You are covered in fur. (AC +1)))
((Your paws help you pounce on unaware monsters.))
You are incapable of wielding weapons or throwing items.
You cannot wear armour.
You gain extra lives every three experience levels.


Message History

Ouch! That really hurt!
You are too injured to fight recklessly!
You are too injured to fight recklessly!
You are too injured to fight recklessly!
You are too injured to fight recklessly!
You are too injured to fight recklessly!
You are too injured to fight recklessly!
You barely miss Ijyb. Ijyb hits you with a +0 club.
* * * LOW HITPOINT WARNING * * *
You scratch Ijyb but do no damage.
Ijyb zaps a wand.
You turn into a sentient fungus.
You barely miss Ijyb.
Ijyb zaps a wand.
You resist with significant effort.
You release spores at Ijyb.
Ijyb appears confused.
Ijyb is lightly wounded.
You catch the helpless Ijyb completely off-guard!
You release spores at Ijyb!
Ijyb is heavily wounded.
Ijyb misses you.
You release spores at Ijyb.
Ijyb appears confused.
Ijyb is severely wounded.
You release spores at Ijyb but do no damage.
Ijyb appears confused.
Ijyb is severely wounded.
You release spores at Ijyb!
You kill Ijyb!
Your Fighting skill increases to level 3!
Your Dodging skill increases to level 4!
Your Unarmed Combat skill increases to level 3!
Your Spellcasting skill increases to level 3!
Your Translocations skill increases to level 5!
You have reached level 2!
You open the door.
An ogre comes into view. It is wielding a +0 giant club.
The ogre shouts!
There is an open door here.
You release spores at the ogre!
The ogre appears confused.
The ogre is moderately wounded.
The ogre hits you with a +0 giant club!
Ouch! That really hurt!
You die...

##########
#<.#..fO.#
#..').#..+
#..#####+#
#..# #..#
#..# #⌠⌠#
####


You could see an ogre (confused).

Vanquished Creatures
  Ijyb (D)
1 creature vanquished.

Notes
Turn   | Place    | Note
-------+----------+-------------------------------------------
     0 | D        | Patoropollo the Felid Warper began the quest for the Orb.
     0 | D        | Reached XP level 1. HP: 9/9 MP: 4/4
     1 | D        | Noticed Ijyb
    14 | D        | Killed Ijyb
    15 | D        | Reached skill level 5 in Translocations
    15 | D        | Reached XP level 2. HP: 2/14 MP: 5/7
    16 | D        | Noticed an ogre
    18 | D        | Mangled by an ogre

Illustrated notes

Levels and vault maps discovered:
D:        dungeon_sprint_1 [red_sonja_temple_1, red_sonja_temple_small_1]

Skill      XL: |  1 |
---------------+----+-----
Fighting       | 3 |  3.2
Dodging        | 4 |  4.6
Unarmed Combat | 3 |  3.2
Spellcasting   | 3 |  3.0
Translocations | 5 |  5.7

Action                   || total
-------------------------++-------
Melee: Unarmed           ||     9
 Stab: Confused          ||     1
Dodge: Dodged            ||     1

Table legend: (Time is in decaauts)
 A = Elapsed time spent in this place.
 B = Non-inter-level travel time spent in this place.
 C = Inter-level travel time spent in this place.
 D = Time resting spent in this place.
 E = Time spent auto-exploring this place.
 F = Levels seen in this place.
 G = Mean time per level.
                   A        B        C        D        E       F      G
               +--------+--------+--------+--------+--------+-----+--------+
         Total |     17 |     17 |      0 |      0 |      0 |   1 |   17.0 |
       Dungeon |     17 |     17 |      0 |      0 |      0 |   1 |   17.0 |
               +--------+--------+--------+--------+--------+-----+--------+

Top non-repeatable levels by time:
       D: 17 daAuts
